 Dungeon Crawl Stone Soup version 0.28.0 (webtiles) character file.

Game seed: 15317340680441172290

338 Buxparty the Skirmisher (level 6, -6/40 HPs)
             Began as a Gargoyle Fighter on Feb 18, 2022.
             Killed by divine providence
             ... invoked by an orc priest
              (12 damage)
             ... on level 4 of the Dungeon.
             The game lasted 00:07:18 (3950 turns).

Buxparty the Skirmisher (Gargoyle Fighter)          Turns: 3950, Time: 00:07:19

Health: -6/40      AC: 13    Str: 21    XL:     6   Next: 55%
Magic:  6/6        EV:  9    Int:  9    God:
Gold:   127        SH:  4    Dex:  9    Spells: 5/5 levels left

rFire   . . .      SeeInvis .   a - +0 war axe
rCold   . . .      Faith    .   c - +0 buckler
rNeg    + . .      Spirit   .   b - +0 scale mail
rPois   ∞          Reflect  .   r - +2 hat
rElec   +          Harm     .   (no cloak)
rCorr   .          Rampage  .   (no gloves)
Will    .....                   (no boots)
Stlth   ..........              (no amulet)
HPRegen 0.13/turn               (no ring)
MPRegen 0.10/turn               (no ring)

@: no status effects
A: sickness immunity, AC +4, negative energy resistance 1, electricity
resistance, torment resistance 1, petrification resistance
a: no special abilities


You were on level 4 of the Dungeon.
You visited 1 branch of the dungeon, and saw 4 of its levels.

You collected 127 gold pieces.

Inventory:

Hand Weapons
 a - a +0 war axe (weapon)
Armour
 b - a +0 scale mail (worn)
 c - a +0 buckler (worn)
 r - a +2 hat (worn)
Jewellery
 e - a ring of magical power
 h - a ring of willpower
 m - an amulet of magic regeneration
 n - an amulet of regeneration
Wands
 s - a wand of flame (13)
 t - a wand of polymorph (9)
Scrolls
 i - a scroll of fear {unknown}
 j - 3 scrolls of teleportation {unknown}
 l - a scroll of enchant weapon {unknown}
 o - a scroll of blinking {unknown}
 p - 3 scrolls of identify {unknown}
 u - a scroll of magic mapping {unknown}
Potions
 d - 2 potions of might
 f - a potion of brilliance {unknown}
 g - a potion of curing
 k - a potion of berserk rage {unknown}
 q - a potion of mutation {unknown}


   Skills:
 + Level 4.9 Fighting
 + Level 3.3 Axes
 + Level 4.8 Armour
 + Level 4.8 Shields


You had 5 spell levels left.
You didn't know any spells.
Your spell library contained the following spells:

 Spells                   Type           Power      Damage    Failure   Level
 Foxfire                  Conj/Fire      0%         2x1d4     80%         1
 Freeze                   Ice            0%         1d3       80%         1
 Static Discharge         Conj/Air       0%         N/A       90%         2
 Conjure Flame            Conj/Fire      0%         6-21      99%         3
 Frozen Ramparts          Ice            0%         1d2       99%         3
 Inner Flame              Hex/Fire       0%         N/A       99%         3
 Flame Wave               Conj/Fire      0%         2d4       100%        4
 Hailstorm                Conj/Ice       0%         3d3       100%        4
 Lightning Bolt           Conj/Air       0%         1d11      100%        5
 Maxwell's Capacitive Co  Air            0%         ∞         100%        8


Dungeon Overview and Level Annotations

Branches:
Dungeon (4/15)
 Temple: D:4-7

Altars:

Shops:
D:3 ?

Annotations:
D:3 1 runed translucent door, Radamante's ghost, novice MiAK


Innate Abilities, Weirdness & Mutations

You are immune to sickness and miasma.
Your stone body is resilient. (AC +4)
You are immune to poison.
You resist negative energy. (rN+)
You are resistant to electric shocks. (rElec)
You are resistant to unholy torment.
You are immune to petrification.


Message History

You hit the orc.
The orc is moderately wounded.
You hit the orc priest. You block the orc priest's attack.
The orc barely misses you. The orc hits you with a +0 hand axe.
The orc priest hits you with a +0 hand axe.
You barely miss the orc priest.
The orc priest is moderately wounded.
You closely miss the orc.
The orc priest mumbles some strange prayers to Beogh against you.
Beogh smites you! The orc hits you with a +0 hand axe.
You hear a shout!
You are too injured to fight recklessly!
You barely miss the orc priest.
The orc priest is moderately wounded.
You hit the orc but do no damage.
The orc priest mumbles some strange prayers to Beogh against you.
Beogh smites you!
* * * LOW HITPOINT WARNING * * *
The orc barely misses you.
An orc priest comes into view. It is wielding a +0 flail.
You hear a shout!
You hit the orc priest.
The orc priest is heavily wounded.
You barely miss the orc.
The orc priest looks satisfied for a moment.
The orc closely misses you.
The orc priest looks braver for a moment.
The orc priest hits you but does no damage.
You block the orc's attack.
You barely miss the orc priest.
The orc priest is heavily wounded.
You barely miss the orc. You slash the bullfrog skeleton!
The bullfrog skeleton barely misses you.
You block the orc's attack. The orc priest barely misses you.
The bullfrog skeleton barely misses you.
It was a potion of curing.
You feel better. The bullfrog skeleton hits you.
* * * LOW HITPOINT WARNING * * *
The orc priest invokes the aid of Beogh against you.
Beogh smites you!
You die...

##.######.#####..# #.#
.......#..# .###...
######...## .......
##.)#######.....###
#.............###
.oo#...#####.<.../..
..oo#....##...##O.###.
.o..#........)........
#o.##.......##@)..###
.o.# #........Zoo..#
### #.....#........#
.........#####.o..
........... .##.#
?......#.... .. .#
.#...###### .. # ###


You could see an ogre, 2 orc priests, an orc and a bullfrog skeleton.

Vanquished Creatures
  A black bear (D:3)
  A water moccasin zombie (D:4)
  Natasha (thrice) (D:3)
  3 adders
  An ufetubus (D:4)
  3 dart slugs
  11 orcs
  5 ball pythons
  4 endoplasms (D:1)
  6 giant cockroaches
  8 goblins
  3 hobgoblins
  3 jackals (D:1)
  4 kobolds
  4 quokkas
  6 bats
  3 frilled lizards
  3 rats
72 creatures vanquished.

Notes
Turn   | Place    | Note
-------+----------+-------------------------------------------
     0 | D:1      | Buxparty the Gargoyle Fighter began the quest for the Orb.
     0 | D:1      | Reached XP level 1. HP: 14/14 MP: 1/1
   314 | D:1      | Reached XP level 2. HP: 13/19 MP: 2/2
   775 | D:1      | Reached XP level 3. HP: 7/23 MP: 3/3
  1852 | D:2      | Reached XP level 4. HP: 26/29 MP: 4/4
  2589 | D:3      | Found Wuridd's Magic Scroll Shop.
  2596 | D:3      | Noticed Natasha
  2607 | D:3      | Killed Natasha
  2608 | D:3      | Reached XP level 5. HP: 17/33 MP: 5/5
  2747 | D:3      | Noticed a black bear
  2760 | D:3      | Killed a black bear
  3104 | D:3      | Found a runed translucent door.
  3105 | D:3      | Noticed Radamante's ghost (novice MiAK)
  3202 | D:3      | Noticed Natasha
  3214 | D:3      | Killed Natasha
  3215 | D:3      | Reached XP level 6. HP: 25/39 MP: 6/6
  3223 | D:3      | Noticed Natasha
  3229 | D:3      | Killed Natasha
  3947 | D:4      | HP: 1/40 [orc priest/divine providence (13)]
  3950 | D:4      | Killed from afar by an orc priest

Illustrated notes

Levels and vault maps discovered:
D:1:      psy_arrival_whirlpool, layout_basic
D:2:      layout_loops_ring
D:3:      layout_basic, serial_shops, shop, ebering_ghost_reflecting_pool,
          uniq_natasha
D:4:      cheibrodos_pilgrimage, layout_rooms, slow_altar_1,
          minmay_misc_feat_cross

Skill      XL: |  1  2  3  4  5 |
---------------+----------------+-----
Axes           | 2 3 |  3.3
Fighting       | 4 |  4.9
Armour         | 4 |  4.8
Shields        | 4 |  4.8

Action                   |  1- 3 |  4- 6 || total
-------------------------+-------+-------++-------
Melee: War axe           |   129 |   114 ||   243
  Use: Potion            |       |     1 ||     1
Armor: Scale mail        |    87 |    90 ||   177
Dodge: Dodged            |    75 |    82 ||   157
Block: Buckler           |    24 |    29 ||    53
